 Dungeon Crawl Stone Soup version 0.25-a0-875-geaba134f46 (webtiles) character file.

Game seed: 8435394282187248500, levelgen mode: deterministic

21 Hasart the Insei (level 2, -3/18 HPs)
             Began as an Octopode Transmuter on May 1, 2020.
             Slain by an ooze (5 damage)
             ... on level 1 of the Dungeon.
             The game lasted 00:01:31 (811 turns).

Hasart the Insei (Octopode Transmuter)               Turns: 811, Time: 00:01:31

Health: -3/18      AC:  1    Str:  9    XL:     2   Next: 83%
Magic:  5/5        EV: 13    Int: 15    God:
Gold:   52         SH:  0    Dex: 12    Spells: 4/5 levels left

rFire    . . .     SeeInvis .     - Unarmed
rCold    . . .     Gourm    .   (no shield)
rNeg     . . .     Faith    .   (helmet restricted)
rPois    .         Spirit   .   (no amulet)
rElec    .         Reflect  .   (no ring)
rCorr    .         Harm     .   (no ring)
MR       .....                  (no ring)
Stlth    ++........             (no ring)
HPRegen  0.06/turn              (no ring)
MPRegen  0.09/turn              (no ring)
                                (no ring)
                                (no ring)

@: no status effects
A: almost no armour, stealthy swim, amphibious, 8 rings, constrict 8, camouflage
1, gelatinous body 1
a: no special abilities


You were on level 1 of the Dungeon.
You were not hungry.

You visited 1 branch of the dungeon, and saw 1 of its levels.

You collected 52 gold pieces.

Inventory:

Missiles
 a - 12 arrows
Scrolls
 d - a scroll of enchant weapon {unknown}
 e - 2 scrolls of immolation {unknown}
 h - a scroll of blinking {unknown}
Potions
 b - 2 potions of flight {unknown}
 f - a potion of experience {unknown}
Comestibles
 c - 2 rations
 g - 2 chunks of flesh


   Skills:
 + Level 1.5 Fighting
 + Level 2.3 Dodging
 * Level 3.5 Unarmed Combat
 - Level 2.0 Spellcasting
 - Level 2.0 Transmutations


You had 4 spell levels left.
You knew the following spells:

 Your Spells              Type           Power        Failure   Level  Hunger
a - Beastly Appendage     Tmut           #.....       10%         1    #......

Your spell library contained the following spells:

 Spells                   Type           Power        Failure   Level  Hunger
 Sticks to Snakes         Tmut           #.......     14%         2    ###....
 Spider Form              Tmut/Pois      #.........   41%         3    ###....
 Ice Form                 Ice/Tmut       #.......     82%         4    #####..
 Blade Hands              Tmut           #.........   95%         5    ######.


Dungeon Overview and Level Annotations

Branches:
Dungeon (1/15)

Altars:


Innate Abilities, Weirdness & Mutations

You cannot wear most types of armour.
You are very stealthy in the water. (Stealth+)
You are amphibious.
You can wear up to eight rings at the same time.
You can use your tentacles to constrict eight enemies at once.
Your skin changes colour to match your surroundings (Stealth+).
Your rubbery body absorbs attacks. (AC +1, EV +1)


Message History

Unknown command.
You tentacle-slap the kobold.
You kill the kobold!
The ooze closely misses you. The rat closely misses you.
Unknown command.
The ooze closely misses you.
You tentacle-slap the rat.
You kill the rat!
The ooze barely misses you.
You tentacle-slap the ooze.
The ooze is heavily wounded.
The ooze hits you.
* * * LOW HITPOINT WARNING * * *
You tentacle-slap the ooze. You squeeze the ooze, but do no damage.
The ooze is almost dead.
The ooze misses you.
You tentacle-slap the ooze.
The ooze is almost dead.
The ooze hits you.
You die...

....#.# #......#.# ##..#.#
##.#.#.#.# ##.#.# #........#
#.#.# ##.#.#.#.# #...#
#........# ###..### ##J#l#.#.#
#......# #........#
#...>..#############.#.#.#.#
##..............@Jl.....รท...#
......#############.#.#.#.#.#
####### #..>......# .....#
#.#.#.#.#.# .....# #.........#
##...# #.#.#.#.#.# ##...#
#.........# .....# ###.#.#.###
.<...# ..


You could see an ooze and a frilled lizard.

Vanquished Creatures
  2 dart slugs (D:1)
  A leopard gecko (D:1)
  3 bats (D:1)
  A hobgoblin (D:1)
  4 kobolds (D:1)
  5 rats (D:1)
16 creatures vanquished.

Notes
Turn   | Place    | Note
-------+----------+-------------------------------------------
     0 | D:1      | Hasart the Octopode Transmuter began the quest for the Orb.
     0 | D:1      | Reached XP level 1. HP: 13/13 MP: 3/3
   289 | D:1      | Reached XP level 2. HP: 15/18 MP: 5/5
   811 | D:1      | Slain by an ooze

Levels and vault maps discovered:
D:1:      dpeg_arrival_boxorama, layout_basic, st_stairs_12

Action                   || total
-------------------------++-------
Melee: Unarmed           ||    55
       Constrict         ||    11
       Tentacles         ||     6
 Stab: Sleeping          ||     2
Armor: Skin              ||     4
Dodge: Dodged            ||    42

Table legend:
 A = Non-vault XP
 B = Vault XP
 C = Vault XP percentage of total XP
 D = Non-vault monster count
 E = Vault monster count
 F = Vault count percentage of total count
                 A         B        C        D         E       F
            +---------+---------+-------+---------+---------+-------
      Total |      29 |       1 |   3.3 |      15 |       1 |   6.2
            +---------+---------+-------+---------+---------+-------
        D:1 |      29 |       1 |   3.3 |      15 |       1 |   6.2
            +---------+---------+-------+---------+---------+-------
